 Dungeon Crawl Stone Soup version 0.29.1-13-g9f3cf754e1 (webtiles) character file.

Game seed: 5431685790937467507

1770 MisterFreud the Nimble (level 8, -4/38 HPs)
             Began as a Felid Berserker on Feb 2, 2023.
             Was an Elder of Trog.
             Hit by a boomerang thrown by an orc warrior (13 damage)
             ... on level 7 of the Dungeon.
             The game lasted 00:08:03 (7426 turns).

MisterFreud the Nimble (Felid Berserker)            Turns: 7426, Time: 00:08:04

Health: -4/38      AC:  2    Str: 13    XL:     8   Next: 80%
Magic:  9/9        EV: 26    Int:  8    God:    Trog [****..]
Gold:   365        SH:  0    Dex: 20    Spells: 7/7 levels left
                                        Lives:  0   Deaths: 2

rFire   . . .      SeeInvis +     - Unarmed
rCold   . . .      Faith    .   (shield unavailable)
rNeg    . . .      Spirit   .   (body armour unavailable)
rPois   .          Reflect  .   (helmet unavailable)
rElec   .          Harm     .   (cloak unavailable)
rCorr   .          Rampage  .   (gloves unavailable)
Will    +....                   (boots unavailable)
Stlth   ++++......              (no amulet)
HPRegen 0.12/turn               (no ring)
MPRegen 0.11/turn               (no ring)

@: on berserk cooldown, slowed, slow
A: very small, claws 1, fangs 3, see invisible, speed 1, shaggy fur 2, stealthy
paws, no weapons or thrown items, no armour, multi-lived
a: Renounce Religion, Berserk, Trog's Hand, Brothers in Arms


You were on level 7 of the Dungeon.
You worshipped Trog.
Trog was greatly pleased with you.
You visited 1 branch of the dungeon, and saw 8 of its levels.

You collected 365 gold pieces.

Inventory:

Jewellery
 c - an amulet of regeneration
 j - a ring of fire
 n - a ring of protection from cold
 r - an amulet of the acrobat
Wands
 k - a wand of light (7)
Scrolls
 b - 4 scrolls of teleportation
 h - a scroll of fog
 m - a scroll of fear
 o - a scroll of vulnerability {unknown}
Potions
 a - 5 potions of lignification
 d - a potion of attraction
 e - a potion of mutation
 f - 2 potions of brilliance
 g - a potion of heal wounds
 i - 2 potions of haste
 l - a potion of curing {unknown}
 p - a potion of ambrosia {unknown}


   Skills:
 - Level 6.0 Fighting
 + Level 10.9 Dodging
 + Level 7.8 Stealth
 + Level 6.9 Unarmed Combat
 - Level 4.0 Evocations


You had 7 spell levels left.
You didn't know any spells.
Your spell library was empty.

Dungeon Overview and Level Annotations

Branches:
Dungeon (8/15)             Temple (0/1) D:4
   Lair: D:8-11

Altars:
Cheibriados
Fedhas
Gozag
Makhleb
Vehumet

Shops:
D:5 *

Annotations:
D:4 2 transporters, Colokkon's ghost, amateur OpBr


Innate Abilities, Weirdness & Mutations

You have sharp claws.
You have razor-sharp teeth.
You have supernaturally acute eyesight. (SInv)
You cover ground quickly. (Speed+)
You are covered in thick fur. (AC +2)
Your paws help you pounce on unaware monsters.
You are incapable of wielding weapons or throwing items.
You cannot wear armour.
You gain extra lives every three experience levels.


Message History

Trog accepts your kill.
No target in view!
You feel a strong urge to attack something.
You feel your anger nearly subside.
You are no longer berserk.
You are exhausted.
You feel yourself slow down.
Found a long sword.
f - 2 potions of brilliance (gained 1)
An orc priest comes into view. It is wielding a +0 club.
The orc priest shouts!
An orc comes into view. It is wielding a +0 mace.
You see here a scroll of fog.
Found an escape hatch in the ceiling.
The orc shouts!
You hear a shout! x2
An orc warrior comes into view. It is wielding a +0 dire flail.
An orc comes into view. It is wielding a +0 trident.
An orc comes into view. It is wielding a +0 hand axe.
The orc priest invokes the aid of Beogh against you.
You resist with significant effort.
The orc moves out of view.
The orc warrior shouts!
You scratch the orc priest but do no damage.
The orc priest calls down the wrath of Beogh upon you.
Beogh smites you!
You scratch the orc priest but do no damage.
You barely miss the orc priest. The orc completely misses you.
The orc priest completely misses you. The orc completely misses you.
The orc misses you. The orc priest misses you.
You scratch the orc priest.
The orc priest is moderately wounded.
The orc completely misses you.
You claw the orc priest!
The orc priest is almost dead.
The orc priest hits you with a +0 club. The orc closely misses you.
The orc priest calls down the wrath of Beogh upon you.
Beogh smites you!
* * * LOW HITPOINT WARNING * * *
The orc barely misses you.
The orc warrior throws a boomerang.
The boomerang hits you!
You die...

...# . ...< . .....
.#### ........
#...#
.........#)..#
.........#o..#
#......ooo..###
##...# #.o...##
#.....###@.....#
#.......?....#
5....
###.........##
.....###..........#
.......#..........#
.................##
................##
...........).....##
..................#


You could see an orc warrior, an orc priest and 2 orcs.

Vanquished Creatures
  Sigmund (D:3)
  Eustachio (D:5)
  A water moccasin (D:5)
  Duvessa (D:5)
  A sky beast (D:8)
  2 ice beasts
  3 ogres
  A centaur (D:4)
  A phantom (D:5)
  A bullfrog (D:5)
  2 scorpions (D:4)
  5 wights (D:5)
  Dowan (D:5)
  5 killer bees (D:6)
  A howler monkey (D:4)
  An electric eel (D:6)
  A crimson imp (D:4)
  6 hounds
  A jelly (D:4)
  An orc priest (D:5)
  4 iguanas
  Ijyb (D:3)
  5 orc wizards
  14 adders
  11 gnolls
  A shadow imp (D:6)
  2 ufetubi (D:5)
  5 dart slugs
  17 orcs
  7 bats
  8 endoplasms
  5 giant cockroaches
  10 goblins
  8 hobgoblins
  4 jackals (D:4)
  8 quokkas
  9 ball pythons
  4 frilled lizards
  6 kobolds
  3 rats (D:1)
169 creatures vanquished.

Vanquished Creatures (others)
  An orc (D:4)
  18 plants (D:3)
19 creatures vanquished.

Grand Total: 188 creatures vanquished

Notes
Turn   | Place    | Note
-------+----------+-------------------------------------------
     0 | D:1      | MisterFreud the Felid Berserker began the quest for the
                  | Orb.
     0 | D:1      | Reached XP level 1. HP: 10/10 MP: 2/2
    69 | D:1      | Found a faded altar of an unknown god.
    74 | D:1      | Reached skill level 1 in Stealth
   266 | D:1      | Reached XP level 2. HP: 11/14 MP: 3/3
   601 | D:1      | Reached ** piety under Trog
   927 | D:1      | Reached XP level 3. HP: 9/17 MP: 4/4
  1582 | D:2      | Reached XP level 4. HP: 17/21 MP: 5/5
  2243 | D:2      | You fall into a shaft and drop 1 floor!
  2299 | D:3      | Reached XP level 5. HP: 15/24 MP: 6/6
  2455 | D:3      | Noticed Sigmund
  2460 | D:3      | Slain by a goblin
  2461 | D:3      | Reached XP level 4. HP: -1/31 MP: 5/5
  2510 | D:3      | HP: 1/21 [poisoned by an adder]
  2704 | D:3      | Reached skill level 5 in Stealth
  2729 | D:3      | Noticed Ijyb
  2741 | D:3      | Killed Ijyb
  2750 | D:3      | Killed Sigmund
  2751 | D:3      | Reached skill level 5 in Unarmed Combat
  2751 | D:3      | Reached XP level 5. HP: 17/24 MP: 6/6
  2751 | D:3      | Gained mutation: You are covered in thick fur. (AC +2)
                  | [Felid growth]
  2751 | D:3      | Reached XP level 6. HP: 20/28 MP: 7/7
  2948 | D:3      | Identified the +2 ring mail of Tulips {rN+ Int+6}
  3729 | D:4      | Reached skill level 5 in Dodging
  3767 | D:4      | Reached skill level 6 in Dodging
  3768 | D:4      | Reached XP level 7. HP: 31/31 MP: 8/8
  3777 | D:4      | Identified the +7 dagger of Moejoikk {flame, rC- Dex+6}
  3818 | D:4      | Reached skill level 7 in Dodging
  3959 | D:4      | Found a burning altar of Makhleb.
  4015 | D:4      | Found a staircase to the Ecumenical Temple.
  4017 | D:4      | Reached *** piety under Trog
  4194 | D:4      | Found a transporter.
  4205 | D:4      | Noticed Colokkon's ghost (amateur OpBr)
  4220 | D:4      | Reached skill level 8 in Dodging
  4238 | D:4      | Found a snail-covered altar of Cheibriados.
  4366 | D:4      | Found a transporter.
  4402 | D:4      | Found a radiant altar of Vehumet.
  4415 | D:4      | Reached skill level 9 in Dodging
  4960 | D:5      | Entered Level 5 of the Dungeon
  5004 | D:5      | Noticed Duvessa
  5004 | D:5      | Noticed Dowan
  5010 | D:5      | Killed Duvessa
  5011 | D:5      | Reached XP level 8. HP: 34/34 MP: 9/9
  5016 | D:5      | Killed Dowan
  5017 | D:5      | Reached skill level 10 in Dodging
  5234 | D:5      | Noticed Eustachio
  5249 | D:5      | Killed Eustachio
  5300 | D:5      | Found Gozag's Platinum Reserve.
  5309 | D:5      | Found an opulent altar of Gozag.
  5319 | D:5      | Reached skill level 5 in Fighting
  6032 | D:5      | Reached XP level 9. HP: 39/41 MP: 10/10
  6183 | D:6      | Slain by a killer bee
  6184 | D:6      | Reached XP level 8. HP: -2/57 MP: 9/9
  7118 | D:6      | Found a blossoming altar of Fedhas.
  7220 | D:6      | You fall into a shaft and drop 2 floors!
  7354 | D:8      | Reached **** piety under Trog
  7426 | D:7      | Hit by a boomerang thrown by an orc warrior

Illustrated notes

Levels and vault maps discovered:
D:1:      grunt_arrival_crossed_arrows, layout_loops_ring,
          hellmonk_ecumenical_altar_slurped_away, minmay_misc_feat_tower,
          minmay_crystal_water, minmay_split_cup_small
D:2:      layout_basic
D:3:      layout_basic, serial_bayou_lagoon_a, uniq_sigmund, uniq_ijyb
D:4:      layout_basic, grunt_temple_overflow_lords_of_destruction,
          mainiacjoe_overflow_24_doors, minmay_temple_entry_mini_moons,
          gammafunk_ghost_stat_death, abandoned_shop, minmay_joined_circles
D:5:      minmay_evil_eye, layout_loops_ring, nicolae_gozag_zags_fifth_avenue,
          hangedman_decor_push, serial_park_tiny_pond, uniq_eustachio,
          uniq_duvessa
D:6:      layout_gridville, mainiacjoe_overflow_catwalk, general_overflow_altar,
          chequers_jeans, minivault_14, chequers_hall_statues_wall_a,
          grunt_decor_resistance, minmay_statues_item, corexii_hall_statues_i,
          uniq_crazy_yiuf_cottage
D:7:      layout_cave_pools, zin_scriptorium
D:8:      layout_cave_pools, minmay_lair_entry_grove,
          chequers_serial_rivers_micro_a, uniq_maggie, uniq_grum

Skill      XL: |  1  2  3  4  5  6  7  8 |
---------------+-------------------------+-----
Stealth        | 1 2 3 6 7 |  7.8
Unarmed Combat | 4 5 6 |  6.9
Dodging        | 6 9 10 | 10.9
Fighting       | 6 |  6.0
Evocations     | 4 |  4.0

Action                   |  1- 3 |  4- 6 |  7- 9 || total
-------------------------+-------+-------+-------++-------
Melee: Unarmed           |    85 |   154 |   279 ||   518
       Bite              |     8 |    23 |    30 ||    61
       Punch             |     3 |    10 |    14 ||    27
Invok: Berserk           |     1 |     5 |     5 ||    11
       Trog's Hand       |       |     3 |       ||     3
Evoke: Wand              |       |       |     1 ||     1
  Use: Scroll            |     3 |     3 |     9 ||    15
 Stab: Sleeping          |     7 |     9 |    14 ||    30
       Distracted        |       |       |     3 ||     3
Armor: Skin              |     6 |     6 |     8 ||    20
Dodge: Dodged            |    64 |   115 |   265 ||   444
